 Dungeon Crawl Stone Soup version 0.27.1-1-g398f81649c (webtiles) character file.

Game seed: 6489594565068229841

349 pbellow the Chopper (level 6, -3/45 (55) HPs)
             Began as a Hill Orc Fighter on Sept 11, 2021.
             Was an Initiate of Beogh.
             Slain by Edmund (5 damage)
             ... on level 4 of the Dungeon.
             The game lasted 00:10:53 (3910 turns).

pbellow the Chopper (Hill Orc Fighter)              Turns: 3910, Time: 00:10:53

HP:   -3/45 (55)    AC:  7    Str: 21    XL:     6   Next: 60%
MP:   6/6           EV:  8    Int:  8    God:    Beogh [......]
Gold: 175           SH:  9    Dex: 10    Spells: 5/5 levels left

rFire    . . .     SeeInvis .   a - +0 war axe
rCold    . . .     Faith    .   c - +0 kite shield
rNeg     . . .     Spirit   .   b - +0 scale mail
rPois    .         Reflect  .   (no helmet)
rElec    .         Harm     .   k - scarf {shadows}
rCorr    .         Rampage  .   (no gloves)
Will     .....                  (no boots)
Stlth    ..........             (no amulet)
HPRegen  0.15/turn              (no ring)
MPRegen  0.10/turn              (no ring)

@: heavily drained
A: no striking features
a: Renounce Religion


You were on level 4 of the Dungeon.
You worshipped Beogh.
Beogh was noncommittal.
You visited 1 branch of the dungeon, and saw 4 of its levels.

You collected 175 gold pieces.

Inventory:

Hand Weapons
 a - a +0 war axe (weapon)
Armour
 b - a +0 scale mail (worn)
 c - a +0 kite shield (worn)
 k - a scarf of shadows (worn)
Wands
 o - a wand of acid (8)
Scrolls
 e - 2 scrolls of identify {unknown}
 f - 2 scrolls of acquirement {unknown}
 g - 2 scrolls of fog {unknown}
 h - 2 scrolls of enchant weapon {unknown}
 i - a scroll of fear {unknown}
Potions
 d - a potion of might
 j - 2 potions of curing {unknown}
 l - 3 potions of heal wounds {unknown}
 m - a potion of haste {unknown}
 n - a potion of brilliance {unknown}


   Skills:
 + Level 4.8 Fighting
 + Level 5.9 Axes
 + Level 4.6 Armour
 + Level 1.0 Dodging
 + Level 0.1 Stealth
 + Level 4.3 Shields


You had 5 spell levels left.
You didn't know any spells.
Your spell library contained the following spells:

 Spells                   Type           Power      Damage    Failure   Level
 Blink                    Tloc           N/A        N/A       100%        2
 Conjure Flame            Conj/Fire      0%         6-21      100%        3
 Ignite Poison            Fire/Tmut/Pois 0%         N/A       100%        3
 Sticky Flame             Conj/Fire      0%         2d3       100%        4
 Manifold Assault         Tloc           0%         N/A       100%        5
 Storm Form               Tmut/Air       0%         N/A       100%        7


Dungeon Overview and Level Annotations

Branches:
Dungeon (4/15)
 Temple: D:4-7

Altars:
Elyvilon
Zin

Annotations:
D:4 Edmund


Message History

Edmund is heavily wounded.
You block Edmund's attack. Edmund hits you but does no damage.
You feel drained.
You slash Edmund!
Edmund is severely wounded.
Edmund says, "I'm quite good with sums, too."
You block Edmund's attack.
You closely miss Edmund.
Edmund is severely wounded.
Edmund hits you with a +5 dire flail of draining.
You feel drained. You block Edmund's attack.
You hit Edmund but do no damage.
Edmund is severely wounded.
You block Edmund's attack.
You barely miss Edmund.
Edmund is severely wounded.
Edmund hits you with a +5 dire flail of draining!
You feel drained. You block Edmund's attack.
You slash Edmund!
Edmund is almost dead.
You block Edmund's attack.
You completely miss Edmund.
Edmund is almost dead.
You block Edmund's attack.
You hit Edmund but do no damage.
Edmund is almost dead.
You block Edmund's attack.
Edmund hits you with a +5 dire flail of draining.
You feel drained.
You closely miss Edmund.
Edmund is almost dead.
Edmund hits you with a +5 dire flail of draining!
You feel drained.
* * * LOW HITPOINT WARNING * * *
You closely miss Edmund.
Edmund is almost dead.
Edmund hits you with a +5 dire flail of draining!
* * * LOW HITPOINT WARNING * * *
You feel drained.
You die...

...#########.#
........#....#
........#....# ......
........#...# ......
........#...# .....
........'...#####....
........#####......#
.................@.#
................@..#
...................#
.............##'####
....#'##.....#..#
....+..#.<...#..#
....#..#.....'..#
....#..#.....#+###
....####...........
#......<...........


You could see Edmund.

Vanquished Creatures
  Eustachio (D:4)
  An orc priest (D:4)
  An iguana (D:4)
  An orc wizard (D:3)
  6 adders
  2 shadow imps (D:4)
  2 worms
  9 orcs
  2 ball pythons
  4 bats
  3 endoplasms
  A giant cockroach (D:1)
  4 goblins
  4 hobgoblins
  4 quokkas
  3 frilled lizards (D:2)
  8 kobolds
  8 rats
64 creatures vanquished.

Vanquished Creatures (others)
  2 shadow imps (D:4)
  2 fungi (D:2)
  A plant (D:4)
5 creatures vanquished.

Grand Total: 69 creatures vanquished

Notes
Turn   | Place    | Note
-------+----------+-------------------------------------------
     0 | D:1      | pbellow the Hill Orc Fighter began the quest for the Orb.
     0 | D:1      | Reached XP level 1. HP: 19/19 MP: 1/1
   122 | D:1      | Reached XP level 2. HP: 27/27 MP: 2/2
   604 | D:2      | Reached skill level 3 in Axes
   634 | D:2      | Found a glowing silver altar of Zin.
   965 | D:2      | Reached XP level 3. HP: 33/33 MP: 3/3
  1280 | D:2      | Reached skill level 4 in Axes
  1500 | D:2      | Found a faded altar of an unknown god.
  1598 | D:3      | Reached XP level 4. HP: 40/40 MP: 4/4
  2029 | D:3      | Found a white marble altar of Elyvilon.
  2182 | D:3      | HP: 2/41 [orc wizard/puff of flame (6)]
  2184 | D:3      | Reached XP level 5. HP: 3/47 MP: 5/5
  2740 | D:4      | Noticed Eustachio
  2743 | D:4      | Reached skill level 5 in Axes
  2760 | D:4      | Killed Eustachio
  2761 | D:4      | Reached XP level 6. HP: 15/53 MP: 6/6
  2995 | D:4      | Found a transporter.
  3015 | D:4      | Found a transporter.
  3091 | D:4      | Became a worshipper of Beogh the Brigand
  3605 | D:4      | Reached skill level 1 in Dodging
  3895 | D:4      | Noticed Edmund
  3910 | D:4      | HP: 2/47 [Edmund (11)]
  3910 | D:4      | Slain by Edmund

Illustrated notes

Levels and vault maps discovered:
D:1:      lordsloth_arrival_two_stooges, layout_basic
D:2:      layout_loops_ring, shapermc_ecumenical_altar_acropolis, basic_altar,
          nrook_loot_triangle
D:3:      layout_rooms, lemuel_doored_altar
D:4:      gammafunk_wand_slinger, layout_gridville, uniq_eustachio, uniq_edmund,
          uniq_crazy_yiuf_cottage

Skill      XL: |  1  2  3  4  5  6 |
---------------+-------------------+-----
Axes           | 3 4 5 |  5.9
Fighting       | 4 |  4.8
Armour         | 4 |  4.6
Shields        | 4 |  4.3
Dodging        | 1 |  1.0
Stealth        | |  0.1

Action                   |  1- 3 |  4- 6 || total
-------------------------+-------+-------++-------
Melee: War axe           |    96 |   126 ||   222
Invok: Convert to Beogh  |       |     1 ||     1
Evoke: Wand              |       |     4 ||     4
Armor: Scale mail        |    50 |    75 ||   125
Dodge: Dodged            |    34 |    51 ||    85
Block: Kite shield       |    44 |    84 ||   128
